 Dungeon Crawl Stone Soup version 0.27-a0-1140-g099f9bb0e8 (webtiles) character file.

Game seed: 9850165046266571960

11 XLettuce the Shooter (level 2, 22/22 HPs)
             Began as a Human Hunter on May 8, 2021.
             Got out of the dungeon alive.
             The game lasted 00:04:33 (975 turns).

XLettuce the Shooter (Human Hunter)                  Turns: 975, Time: 00:04:33

Health: 22/22      AC:  4    Str: 12    XL:     2   Next: 40%
Magic:  2/2        EV: 12    Int: 11    God:
Gold:   10         SH:  0    Dex: 13    Spells: 1/1 levels left

rFire    . . .     SeeInvis .   a - +1 shortbow
rCold    . . .     Faith    .   (shield currently unavailable)
rNeg     . . .     Spirit   .   c - +0 leather armour
rPois    .         Reflect  .   (no helmet)
rElec    .         Harm     .   f - +0 cloak
rCorr    .         Rampage  .   (no gloves)
Will     .....                  (no boots)
Stlth    +.........             (no amulet)
HPRegen  0.07/turn              (no ring)
MPRegen  0.08/turn              (no ring)

@: no status effects
A: no striking features
a: no special abilities


You escaped.
You visited 1 branch of the dungeon, and saw 2 of its levels.

You collected 10 gold pieces.

Inventory:

Hand Weapons
 a - a +1 shortbow (weapon)
 b - a +0 short sword
Missiles
 d - 66 arrows (quivered ammo)
Armour
 c - a +0 leather armour (worn)
 f - a +0 cloak (worn)
 g - a +0 chain mail
Scrolls
 e - a scroll of amnesia {unknown}
 h - a scroll of identify {unknown}
 i - a scroll of fear {unknown}
 j - a scroll of torment {unknown}


   Skills:
 + Level 2.1 Fighting
 + Level 0.6 Short Blades
 + Level 4.1 Bows
 + Level 0.2 Armour
 * Level 2.3 Dodging
 + Level 1.1 Stealth


You had one spell level left.
You didn't know any spells.
Your spell library contained the following spells:

 Spells                   Type           Power      Damage    Failure   Level
 Magic Dart               Conj           0%         1d3       41%         1
 Summon Small Mammal      Summ           0%         N/A       41%         1
 Call Imp                 Summ           0%         N/A       56%         2
 Searing Ray              Conj           0%         3d3       56%         2
 Call Canine Familiar     Summ           0%         N/A       80%         3
 Dazzling Flash           Conj/Hex       0%         N/A       80%         3
 Summon Guardian Golem    Hex/Summ       0%         N/A       80%         3
 Fulminant Prism          Conj/Hex       0%         3d6       99%         4
 Iskenderun's Mystic Bla  Conj/Tloc      0%         2d3       99%         4
 Summon Ice Beast         Ice/Summ       0%         N/A       99%         4
 Summon Lightning Spire   Summ/Air       0%         N/A       99%         4


Dungeon Overview and Level Annotations

Branches:
Dungeon (2/15)

Altars:


Message History

You shoot an arrow. The arrow hits the worm.
The worm is moderately wounded.
You shoot an arrow. The arrow barely misses the worm.
You shoot an arrow. The arrow hits the worm!
The worm is severely wounded.
You shoot an arrow. The arrow hits the worm.
You kill the worm!
d - 62 arrows (gained 1)
You see here a worm corpse.
d - 63 arrows (gained 1)
d - 64 arrows (gained 1)
You see here a rat corpse.
d - 65 arrows (gained 1)
d - 66 arrows (gained 1)
You are already wielding that!
No target in view!
Unknown command.
Saving game... please wait.
Welcome back, XLettuce the Human Hunter.
Press ? for a list of commands and other information.
Unknown command.
(D) Dungeon
Where to? (? - help)
Okay, then.
(D) Dungeon
Where to? (? - help)
What level of the Dungeon? (default 1, ? - help)
There is a stone staircase leading up here.
You climb upwards.
There is a stone staircase leading down here.
Drop what? 10/52 slots (_ for help) (? for menu, Esc to quit)
Okay, then.
You can't go up here!
There is a stone staircase leading down here.
There is a stone staircase leading down here.
There is a staircase leading out of the dungeon here.
Are you sure you want to leave the Dungeon?
This will make you lose the game!
Alright, then stay!
Are you sure you want to leave the Dungeon?
This will make you lose the game!
You have escaped!

.....########.##
##.##
...............#
#..#
.#...#########.#
##.# .###.#
#######.#####.# .#
#.# #...#...#.....#
.#
#.###.#.#.###.#####
## #.#...#...#.....#
#.#.#####.#.###.#
#.#..# #...#@#.#
#.#.## #####.#.#
#.#.# #...#.#
#.#.### #.###.#
####.#...# #.....#
..##.#.#.#######.###
..##.#.#.....#...#
..##.#.###.###.###
..##.#.#.....#...#


There were no monsters in sight!

Vanquished Creatures
  A worm (D:2)
  A goblin (D:1)
  A hobgoblin (D:1)
  2 kobolds (D:1)
  A bat (D:1)
  2 frilled lizards (D:1)
  2 rats
10 creatures vanquished.

Notes
Turn   | Place    | Note
-------+----------+-------------------------------------------
     0 | D:1      | XLettuce the Human Hunter began the quest for the Orb.
     0 | D:1      | Reached XP level 1. HP: 16/16 MP: 1/1
   333 | D:1      | Reached XP level 2. HP: 21/22 MP: 2/2
   370 | D:1      | Found a faded altar of an unknown god.
   975 | D:$      | Got out of the dungeon alive.

Illustrated notes

Levels and vault maps discovered:
D:1:      elethiomel_arrival_maze, layout_basic, basic_ecumenical_altar,
          solitary_fountain
D:2:      layout_basic

Action                   || total
-------------------------++-------
Melee: Short sword       ||    43
 Fire: Shortbow          ||     6
Armor: Leather armour    ||    20
Dodge: Dodged            ||    30

Table legend: (Time is in decaauts)
 A = Elapsed time spent in this place.
 B = Non-inter-level travel time spent in this place.
 C = Inter-level travel time spent in this place.
 D = Time resting spent in this place.
 E = Time spent auto-exploring this place.
 F = Levels seen in this place.
 G = Mean time per level.
                   A        B        C        D        E       F      G
               +--------+--------+--------+--------+--------+-----+--------+
         Total |    978 |    947 |     31 |      0 |    712 |   2 |  489.0 |
       Dungeon |    978 |    947 |     31 |      0 |    712 |   2 |  489.0 |
               +--------+--------+--------+--------+--------+-----+--------+

Top non-repeatable levels by time:
     D:1: 945 daAuts
     D:2: 32 daAuts
